 Dungeon Crawl Stone Soup version 0.29.1-1-gd02db6906a (webtiles) character file.

Game seed: 993216245563190352

47 lonewolfV2 the Shield-Bearer (level 3, 0/35 HPs)
             Began as a Gnoll Fighter on Oct 16, 2022.
             Slain by an orc wizard
             ... wielding a +0 dagger
              (3 damage)
             ... on level 3 of the Dungeon.
             The game lasted 00:03:22 (1910 turns).

lonewolfV2 the Shield-Bearer (Gnoll Fighter)        Turns: 1910, Time: 00:03:23

Health: 0/35       AC:  8    Str: 17    XL:     3   Next: 70%
Magic:  4/4        EV:  9    Int:  7    God:
Gold:   82         SH:  5    Dex: 11    Spells: 4/4 levels left

rFire   . . .      SeeInvis .   a - +0 long sword
rCold   . . .      Faith    .   c - +0 buckler
rNeg    . . .      Spirit   .   b - +1 scale mail
rPois   .          Reflect  .   (no helmet)
rElec   .          Harm     .   (no cloak)
rCorr   .          Rampage  .   (no gloves)
Will    .....                   (no boots)
Stlth   ..........              (no amulet)
HPRegen 0.11/turn               (no ring)
MPRegen 0.09/turn               (no ring)

@: mighty, flying
A: fangs 1, strong nose, distributed training
a: no special abilities


You were on level 3 of the Dungeon.
You visited 1 branch of the dungeon, and saw 3 of its levels.

You collected 82 gold pieces.

Inventory:

Hand Weapons
 a - a +0 long sword (weapon)
Missiles
 o - a throwing net (quivered)
Armour
 b - a +1 scale mail (worn)
 c - a +0 buckler (worn)
Scrolls
 i - a scroll of teleportation
 k - 3 scrolls of identify
 n - a scroll of immolation {unknown}
Potions
 d - a potion of might
 f - a potion of haste {unknown}
 g - a potion of flight
 h - a potion of ambrosia {unknown}
 j - 2 potions of cancellation {unknown}
 l - a potion of mutation {unknown}
 m - a potion of attraction {unknown}
 p - a potion of degeneration {unknown}


   Skills:
 + Level 6.5 Fighting
 + Level 1.0 Short Blades
 + Level 4.6 Long Blades
 + Level 1.0 Axes
 + Level 1.0 Maces & Flails
 + Level 1.0 Polearms
 + Level 1.0 Staves
 + Level 1.0 Ranged Weapons
 + Level 1.0 Throwing
 + Level 6.5 Armour
 + Level 1.0 Dodging
 + Level 1.0 Stealth
 + Level 6.5 Shields
 + Level 1.0 Unarmed Combat
 + Level 1.0 Spellcasting
 + Level 0.7 Conjurations
 + Level 0.7 Hexes
 + Level 0.7 Summonings
 + Level 0.7 Necromancy
 + Level 0.7 Translocations
 + Level 0.7 Transmutations
 + Level 0.7 Fire Magic
 + Level 0.7 Ice Magic
 + Level 0.7 Air Magic
 + Level 0.7 Earth Magic
 + Level 0.7 Poison Magic
 + Level 1.0 Invocations
 + Level 1.0 Evocations


You had 4 spell levels left.
You didn't know any spells.
Your spell library contained the following spells:

 Spells                   Type           Power      Damage    Failure   Level
 Portal Projectile        Hex/Tloc       2%         N/A       98%         3
 Tukima's Dance           Hex            1%         N/A       98%         3
 Blade Hands              Tmut           0%         N/A       100%        5


Dungeon Overview and Level Annotations

Branches:
Dungeon (3/15)

Altars:


Innate Abilities, Weirdness & Mutations

You have very sharp teeth.
Your uncanny sense of smell can sniff out nearby items.
Your experience applies equally to all skills.


Message History

The hobgoblin hits you. The orc hits you with a +0 dagger.
You barely miss the orc. You block the giant cockroach's attack.
The orc misses you. x2; You block the orc's attack.
Something hits you but does no damage. The hobgoblin hits you.
* * * LOW HITPOINT WARNING * * *
The orc hits you but does no damage.
You slash the orc!
You kill the orc!
The giant cockroach bites you but does no damage.
Something hits you.
* * * LOW HITPOINT WARNING * * *
The orc barely misses you. The hobgoblin closely misses you.
The orc hits you but does no damage. The orc closely misses you.
The giant cockroach bites you but does no damage.
You feel better. The orc barely misses you. You block the hobgoblin's attack.
The orc completely misses you. You block the orc priest's attack.
The orc hits you but does no damage. Something hits you but does no damage.
The giant cockroach bites you.
You barely miss the orc priest. The orc priest closely misses you.
The hobgoblin barely misses you. The orc closely misses you.
The giant cockroach completely misses you.
Something hits you but does no damage. The orc hits you but does no damage.
You block the orc's attack.
You slash the orc priest!
The orc priest is almost dead.
The giant cockroach bites you. The orc closely misses you.
The hobgoblin hits you but does no damage.
The orc priest hits you with a +0 falchion.
* * * LOW HITPOINT WARNING * * *
The orc closely misses you. Something hits you but does no damage.
The orc hits you with a +0 dagger.
* * * LOW HITPOINT WARNING * * *
The giant cockroach bites you but does no damage.
You feel very buoyant.
You fly up into the air.
The orc priest hits you with a +0 falchion.
* * * LOW HITPOINT WARNING * * *
You block the hobgoblin's attack. The orc hits you but does no damage.
Something hits you.
You die...

∆ #...##.####
#.#.......#
..###.###.#
######'### #
#........# ##
#.......##...#
#.......#..#
#...g)...#
#.o@Bo..#.#
......ooo...##..
.............####
................
#####...........#
#...........#
#...........#
#...........#


You could see an orc priest, 4 orcs, a giant cockroach and a hobgoblin.

Vanquished Creatures
  2 adders
  2 dart slugs (D:2)
  An orc (D:3)
  2 bats (D:1)
  4 endoplasms
  A giant cockroach (D:1)
  A goblin (D:3)
  A hobgoblin (D:1)
  3 jackals (D:2)
  A quokka (D:1)
  A frilled lizard (D:3)
  A kobold (D:3)
  3 rats
23 creatures vanquished.

Notes
Turn   | Place    | Note
-------+----------+-------------------------------------------
     0 | D:1      | lonewolfV2 the Gnoll Fighter began the quest for the Orb.
     0 | D:1      | Reached XP level 1. HP: 23/23 MP: 1/1
   336 | D:1      | Reached XP level 2. HP: 25/29 MP: 2/2
  1345 | D:2      | Reached XP level 3. HP: 32/35 MP: 3/3
  1518 | D:2      | Reached skill level 1 in Invocations
  1901 | D:3      | Reached skill level 1 in Short Blades
  1901 | D:3      | Reached skill level 1 in Axes
  1901 | D:3      | Reached skill level 1 in Maces & Flails
  1901 | D:3      | Reached skill level 1 in Polearms
  1901 | D:3      | Reached skill level 1 in Staves
  1901 | D:3      | Reached skill level 1 in Ranged Weapons
  1901 | D:3      | Reached skill level 1 in Throwing
  1901 | D:3      | Reached skill level 1 in Dodging
  1901 | D:3      | Reached skill level 1 in Stealth
  1901 | D:3      | Reached skill level 1 in Unarmed Combat
  1901 | D:3      | Reached skill level 1 in Spellcasting
  1901 | D:3      | Reached skill level 1 in Evocations
  1910 | D:3      | Slain by an orc wizard

Illustrated notes

Levels and vault maps discovered:
D:1:      onia_arrival_mini_spirals, layout_basic,
          chequers_serial_rivers_micro_d
D:2:      layout_loops_ring
D:3:      layout_basic, nicolae_sif_muna_little_library, marbit_many_paths,
          grunt_temple_overflow_growth_and_decay, cheibrodos_sewer_entry_bend,
          dreamdust_mushroom_princess, roderic_batcave,
          minmay_misc_feat_pillars, uniq_sigmund

Skill      XL: |  1  2  3 |
---------------+----------+-----
Invocations    | 1 |  1.0
Short Blades   | 1 |  1.0
Axes           | 1 |  1.0
Maces & Flails | 1 |  1.0
Polearms       | 1 |  1.0
Staves         | 1 |  1.0
Ranged Weapons | 1 |  1.0
Throwing       | 1 |  1.0
Dodging        | 1 |  1.0
Stealth        | 1 |  1.0
Unarmed Combat | 1 |  1.0
Spellcasting   | 1 |  1.0
Evocations     | 1 |  1.0
Fighting       | |  6.5
Long Blades    | |  4.6
Armour         | |  6.5
Shields        | |  6.5
Conjurations   | |  0.7
Hexes          | |  0.7
Summonings     | |  0.7
Necromancy     | |  0.7
Translocations | |  0.7
Transmutations | |  0.7
Fire Magic     | |  0.7
Ice Magic      | |  0.7
Air Magic      | |  0.7
Earth Magic    | |  0.7
Poison Magic   | |  0.7

Action                   || total
-------------------------++-------
Melee: Long sword        ||    77
       Bite              ||     8
  Use: Scroll            ||     6
       Potion            ||     4
Armor: Scale mail        ||    59
Dodge: Dodged            ||    64
Block: Buckler           ||    28
